PA
CHICAGO TULA @ HOGSMEADE CAULDRONS
08/17/2029
 
TOP OF THE 1ST
Chicago Tula batting - Pitching for Hogsmeade Cauldrons : RHP Carlos Salcido
Pitching: RHP Carlos Salcido
Batting: RHB Phil Oostermeer 0-0: Called Strike
0-1: Ball
1-1: Ball
2-1: SINGLE (Groundball, 5S) (infield hit)
Batting: RHB Mark Sawyer 0-0: Ball
1-0: Called Strike
1-1: Ball
2-1: SINGLE (Flyball, 89S)
Phil Oostermeer to second
Runner from 2nd tries for 3rd, SAFE, no throw
Batting: RHB Santiago Valentín 0-0: Called Strike
0-1: Ball
1-1: Foul Ball, location: 2F
1-2: Foul Ball, location: 2F
1-2: Strikes out swinging
Throwing error on steal attempt, E2
Phil Oostermeer scores
Mark Sawyer to third
Batting: LHB Raphaël Duval 0-0: Ball
1-0: Ball
2-0: Called Strike
2-1: Foul Ball, location: 2F
2-2: DOUBLE (Line Drive, 9LM)
Mark Sawyer scores
Batting: RHB Norm Chodorow 0-0: Fly out, F9 (Flyball, 9LD)
Batting: SHB Augusto Trejo 0-0: Ball
1-0: Ball
2-0: Ball
3-0: Called Strike
3-1: TRIPLE (Flyball, 8RXD)
Raphaël Duval scores
Batting: RHB Obi Jones 0-0: Ball
1-0: Ball
2-0: Ground out 6-3 (Groundball, 6S)
Top of the 1st over - 3 runs, 4 hits, 1 error, 1 left on base; Chicago 3 - Hogsmeade 0
BOTTOM OF THE 1ST
Hogsmeade Cauldrons batting - Pitching for Chicago Tula : LHP Bu-wei Law
Pitching: LHP Bu-wei Law
Batting: RHB César Ramos 0-0: Called Strike
0-1: Foul Ball, location: 2F
0-2: Strikes out swinging
Batting: RHB Panas Pletnev 0-0: Ball
1-0: Ball
2-0: Ball
3-0: Base on Balls
Batting: RHB Damon Newbold 0-0: Called Strike
0-1: SINGLE (Groundball, 56D)
Panas Pletnev to second
Batting: RHB Luis Manuel Flores 0-0: Called Strike
0-1: Ball
1-1: Ball
2-1: Swinging Strike
2-2: Grounds into double play, 6-4-3 (Groundball, 6)
Bottom of the 1st over - 0 runs, 1 hit, 0 errors, 1 left on base; Chicago 3 - Hogsmeade 0
TOP OF THE 2ND
Chicago Tula batting - Pitching for Hogsmeade Cauldrons : RHP Carlos Salcido
Batting: SHB Peer van Lochem 0-0: Ball
1-0: SINGLE (Groundball, 4D)
Batting: RHB Frank de Blooys 0-0: Foul Ball, location: 2F
0-1: Swinging Strike
0-2: Foul Ball, location: 2F
0-2: Foul Ball, location: 2F
0-2: Foul Ball, location: 2F
0-2: Strikes out swinging
Batting: RHB Phil Oostermeer 0-0: Foul Ball, location: 2F
0-1: Ball
1-1: Ball
2-1: Foul Ball, location: 2F
2-2: Ball
3-2: Strikes out looking
Batting: RHB Mark Sawyer 0-0: Ball
1-0: Ball
2-0: SINGLE (Groundball, 6MD)
Peer van Lochem to second
Runner from 2nd tries for 3rd, SAFE, no throw
Batting: RHB Santiago Valentín 0-0: Ball
Mark Sawyer steals 2nd base
1-0: Called Strike
1-1: Fly out, F7 (Flyball, 7LM)
Top of the 2nd over - 0 runs, 2 hits, 0 errors, 2 left on base; Chicago 3 - Hogsmeade 0
BOTTOM OF THE 2ND
Hogsmeade Cauldrons batting - Pitching for Chicago Tula : LHP Bu-wei Law
Batting: RHB Bob Petiet 0-0: Ball
1-0: Ball
2-0: Swinging Strike
2-1: Foul Ball, location: 2F
2-2: Fly out, F8 (Flyball, 8LS)
Batting: RHB Mariano Saelices 0-0: Ground out 4-3 (Groundball, 4)
Batting: RHB Akke Derksen 0-0: Ball
1-0: Called Strike
1-1: Ball
2-1: Ball
3-1: Foul Ball, location: 2F
3-2: SINGLE (Groundball, 6MD)
Batting: RHB Lu Tsai 0-0: Called Strike
0-1: Ball
1-1: Fly out, F9 (Flyball, 9)
Bottom of the 2nd over - 0 runs, 1 hit, 0 errors, 1 left on base; Chicago 3 - Hogsmeade 0
TOP OF THE 3RD
Chicago Tula batting - Pitching for Hogsmeade Cauldrons : RHP Carlos Salcido
Batting: LHB Raphaël Duval 0-0: Called Strike
0-1: Ball
1-1: Foul Ball, location: 2F
1-2: Strikes out looking
Batting: RHB Norm Chodorow 0-0: Ball
1-0: Called Strike
1-1: Called Strike
1-2: Fly out, F8 (Flyball, 8LXD)
Batting: SHB Augusto Trejo 0-0: Ball
1-0: Called Strike
1-1: Foul Ball, location: 2F
1-2: Fly out, F7 (Flyball, 7S)
Top of the 3rd over - 0 runs, 0 hits, 0 errors, 0 left on base; Chicago 3 - Hogsmeade 0
BOTTOM OF THE 3RD
Hogsmeade Cauldrons batting - Pitching for Chicago Tula : LHP Bu-wei Law
Batting: RHB José Vargas 0-0: Foul Ball, location: 2F
0-1: Foul Ball, location: 2F
0-2: Ball
1-2: Ball
2-2: Foul Ball, location: 2F
2-2: Ground out 6-3 (Groundball, 6)
Batting: RHB César Ramos 0-0: Ball
1-0: DOUBLE (Line Drive, 78XD)
Batting: RHB Panas Pletnev 0-0: Ball
1-0: Ball
2-0: Ball
3-0: Base on Balls
Batting: RHB Damon Newbold 0-0: Ball
1-0: Called Strike
1-1: Swinging Strike
1-2: Ball
2-2: Foul Ball, location: 2F
2-2: SINGLE (Groundball, 56S) (infield hit)
César Ramos to third
Panas Pletnev to second
Batting: RHB Luis Manuel Flores 0-0: Called Strike
0-1: Ball
1-1: Grounds into double play, 1-2-3 (Groundball, 13)
Bottom of the 3rd over - 0 runs, 2 hits, 0 errors, 2 left on base; Chicago 3 - Hogsmeade 0
TOP OF THE 4TH
Chicago Tula batting - Pitching for Hogsmeade Cauldrons : RHP Carlos Salcido
Batting: RHB Obi Jones 0-0: Called Strike
0-1: Foul Ball, location: 2F
0-2: Strikes out swinging
Batting: SHB Peer van Lochem 0-0: Called Strike
0-1: Called Strike
0-2: Ball
1-2: Strikes out looking
Batting: RHB Frank de Blooys 0-0: Fly out, F7 (Flyball, 78D)
Top of the 4th over - 0 runs, 0 hits, 0 errors, 0 left on base; Chicago 3 - Hogsmeade 0
BOTTOM OF THE 4TH
Hogsmeade Cauldrons batting - Pitching for Chicago Tula : LHP Bu-wei Law
Batting: RHB Bob Petiet 0-0: Called Strike
0-1: Called Strike
0-2: Ball
1-2: Strikes out looking
Batting: RHB Mariano Saelices 0-0: SINGLE (Groundball, 56D)
Batting: RHB Akke Derksen 0-0: Ball
1-0: Swinging Strike
1-1: Ground out U3 (Groundball, 34)
Mariano Saelices to second
Batting: RHB Lu Tsai 0-0: Called Strike
0-1: Ball
1-1: Ground out 6-3 (Groundball, 6)
Bottom of the 4th over - 0 runs, 1 hit, 0 errors, 1 left on base; Chicago 3 - Hogsmeade 0
TOP OF THE 5TH
Chicago Tula batting - Pitching for Hogsmeade Cauldrons : RHP Carlos Salcido
Batting: RHB Phil Oostermeer 0-0: Ball
1-0: Ball
2-0: Ball
3-0: Base on Balls
Batting: RHB Mark Sawyer 0-0: Called Strike
0-1: Ball
1-1: Called Strike
1-2: Fly out, F7 (Line Drive, 78D)
Batting: RHB Santiago Valentín 0-0: Fly out, F7 (Flyball, 7S)
Batting: LHB Raphaël Duval 0-0: Ball
Throwing error on steal attempt, E2
Phil Oostermeer to third
1-0: Ball
2-0: Called Strike
2-1: Foul Ball, location: 2F
2-2: Strikes out swinging
Top of the 5th over - 0 runs, 0 hits, 1 error, 1 left on base; Chicago 3 - Hogsmeade 0
BOTTOM OF THE 5TH
Hogsmeade Cauldrons batting - Pitching for Chicago Tula : LHP Bu-wei Law
Batting: RHB José Vargas 0-0: Ball
1-0: Foul Ball, location: 2F
1-1: Ball
2-1: Foul Ball, location: 2F
2-2: Ground out 4-3 (Groundball, 4S)
Batting: RHB César Ramos 0-0: Ball
1-0: Ball
2-0: Called Strike
2-1: Ball
3-1: DOUBLE (Line Drive, 78D)
Batting: RHB Panas Pletnev 0-0: Ball
1-0: Ball
2-0: Foul Ball, location: 2F
2-1: Ball
3-1: Called Strike
3-2: Foul Ball, location: 2F
3-2: Ground out 1-3 (Groundball, 13)
César Ramos to third
Batting: RHB Damon Newbold 0-0: Foul Ball, location: 2F
0-1: Called Strike
0-2: Ball
1-2: Ball
2-2: Foul Ball, location: 2F
2-2: Ball
3-2: Foul Ball, location: 2F
3-2: Strikes out swinging
Bottom of the 5th over - 0 runs, 1 hit, 0 errors, 1 left on base; Chicago 3 - Hogsmeade 0
TOP OF THE 6TH
Chicago Tula batting - Pitching for Hogsmeade Cauldrons : RHP Carlos Salcido
Batting: RHB Norm Chodorow 0-0: Swinging Strike
0-1: Ball
1-1: Foul Ball, location: 2F
1-2: Foul Ball, location: 2F
1-2: Ball
2-2: Hit by Pitch
Batting: SHB Augusto Trejo 0-0: Ball
1-0: Ball
2-0: Called Strike
2-1: Grounds into double play, 4-6-3 (Groundball, 4)
Batting: RHB Obi Jones 0-0: Ball
1-0: Fly out, F9 (Flyball, 9S)
Top of the 6th over - 0 runs, 0 hits, 0 errors, 0 left on base; Chicago 3 - Hogsmeade 0
BOTTOM OF THE 6TH
Hogsmeade Cauldrons batting - Pitching for Chicago Tula : LHP Bu-wei Law
Batting: RHB Luis Manuel Flores 0-0: Called Strike
0-1: Ball
1-1: Foul Ball, location: 2F
1-2: Strikes out swinging
Batting: RHB Bob Petiet 0-0: Called Strike
0-1: Fly out, F8 (Flyball, 8RD)
Batting: RHB Mariano Saelices 0-0: Ball
1-0: Called Strike
1-1: SINGLE (Flyball, 9LS)
Batting: RHB Akke Derksen 0-0: Called Strike
0-1: SINGLE (Groundball, 56D)
Mariano Saelices to second
Batting: RHB Lu Tsai 0-0: Foul Ball, location: 2F
0-1: Ball
1-1: Ball
2-1: Foul Ball, location: 2F
2-2: SINGLE (Flyball, 8RS)
Mariano Saelices to third
Akke Derksen to second
Runner from 3rd tries for Home, SAFE, no throw
Pitching: RHP Steve McKinney
Batting: RHB José Vargas 0-0: Ball
1-0: Ball
2-0: Ball
3-0: Called Strike
3-1: Base on Balls
Akke Derksen to third
Lu Tsai to second
Batting: RHB César Ramos 0-0: Called Strike
0-1: Swinging Strike
0-2: Foul Ball, location: 2F
0-2: Strikes out swinging
Bottom of the 6th over - 1 run, 3 hits, 0 errors, 3 left on base; Chicago 3 - Hogsmeade 1
TOP OF THE 7TH
Chicago Tula batting - Pitching for Hogsmeade Cauldrons : RHP Carlos Salcido
Batting: SHB Peer van Lochem 0-0: Called Strike
0-1: Ground out U3 (Groundball, 34)
Batting: RHB Frank de Blooys 0-0: Ball
1-0: Called Strike
1-1: Foul Ball, location: 2F
1-2: Ball
2-2: Strikes out swinging
Batting: RHB Phil Oostermeer 0-0: Foul Ball, location: 2F
0-1: Ball
1-1: Fly out, F6 (Flyball, 6MD)
Top of the 7th over - 0 runs, 0 hits, 0 errors, 0 left on base; Chicago 3 - Hogsmeade 1
BOTTOM OF THE 7TH
Hogsmeade Cauldrons batting - Pitching for Chicago Tula : RHP Steve McKinney
Now at C: Guo-fang Ni
Batting: RHB Panas Pletnev 0-0: Called Strike
0-1: Foul Ball, location: 2F
0-2: Strikes out swinging
Batting: RHB Damon Newbold 0-0: Called Strike
0-1: Ground out 1-3 (Groundball, 13)
Batting: RHB Luis Manuel Flores 0-0: Ball
1-0: Swinging Strike
1-1: Ball
2-1: Foul Ball, location: 2F
2-2: Ball
3-2: Foul Ball, location: 2F
3-2: Strikes out swinging
Bottom of the 7th over - 0 runs, 0 hits, 0 errors, 0 left on base; Chicago 3 - Hogsmeade 1
TOP OF THE 8TH
Chicago Tula batting - Pitching for Hogsmeade Cauldrons : RHP Carlos Salcido
Batting: RHB Mark Sawyer 0-0: Fly out, F9 (Flyball, 9S)
Batting: RHB Santiago Valentín 0-0: Ball
1-0: Foul Ball, location: 2F
1-1: Called Strike
1-2: Strikes out looking
Batting: LHB Raphaël Duval 0-0: Called Strike
0-1: Foul Ball, location: 2F
0-2: Ball
1-2: Strikes out swinging
Top of the 8th over - 0 runs, 0 hits, 0 errors, 0 left on base; Chicago 3 - Hogsmeade 1
BOTTOM OF THE 8TH
Hogsmeade Cauldrons batting - Pitching for Chicago Tula : RHP Steve McKinney
Now at SS: Otton Dis
Batting: RHB Bob Petiet 0-0: Ball
1-0: Ball
2-0: Called Strike
2-1: Foul Ball, location: 2F
2-2: Ball
3-2: Ground out 6-3 (Groundball, 6)
Batting: RHB Mariano Saelices 0-0: Foul Ball, location: 2F
0-1: Ground out 6-3 (Groundball, 6)
Batting: RHB Akke Derksen 0-0: Ground out 5-3 (Groundball, 5L)
Bottom of the 8th over - 0 runs, 0 hits, 0 errors, 0 left on base; Chicago 3 - Hogsmeade 1
TOP OF THE 9TH
Chicago Tula batting - Pitching for Hogsmeade Cauldrons : RHP Carlos Salcido
Batting: RHB Otton Dis 0-0: Ball
1-0: Ball
2-0: Swinging Strike
2-1: Ball
3-1: Foul Ball, location: 2F
3-2: Strikes out swinging
Batting: SHB Augusto Trejo 0-0: Ball
1-0: Swinging Strike
1-1: Foul Ball, location: 2F
1-2: Ball
2-2: Foul Ball, location: 2F
2-2: Fly out, F8 (Flyball, 8LS)
Batting: RHB Obi Jones 0-0: Ball
1-0: Foul Ball, location: 2F
1-1: Ball
2-1: Fly out, F7 (Flyball, 7LM)
Top of the 9th over - 0 runs, 0 hits, 0 errors, 0 left on base; Chicago 3 - Hogsmeade 1
BOTTOM OF THE 9TH
Hogsmeade Cauldrons batting - Pitching for Chicago Tula : RHP Steve McKinney
Pitching: LHP Cedric Zuercher
Batting: RHB Lu Tsai 0-0: Foul Ball, location: 2F
0-1: Swinging Strike
0-2: Fly out, F7 (Flyball, 78D)
Batting: RHB José Vargas 0-0: Fly out, F9 (Flyball, 9)
Batting: RHB César Ramos 0-0: Ground out 6-3 (Groundball, 6)
Bottom of the 9th over - 0 runs, 0 hits, 0 errors, 0 left on base; Chicago 3 - Hogsmeade 1
Tuesday, December 19th, 2017 - OOTP Baseball 18.8 Build 76